 Dungeon Crawl Stone Soup version bcrawl-1.39.1 (webtiles) character file.

Game seed: 11368679746910078034

415420 Finalfun the Convoker (level 15, 0/101 HPs)
             Began as a Skeleton Summoner on Sept 20, 2023.
             Was an Initiate of Gozag.
             Slain by a wolf spider (7 damage)
             ... summoned by an orange crystal statue
             ... on level 1 of the Spider Nest.
             The game lasted 02:12:36 (30051 turns).

Finalfun the Convoker (Skeleton Summoner)          Turns: 30051, Time: 02:12:37

Health: 0/101      AC: 29    Str: 17 (18) XL:     15   Next: 89%
Magic:  0/33       EV: 12    Int: 12 (19) God:    Gozag
Gold:   6828       SH:  0    Dex:  9      Spells: 22/42 levels left

rFire    + + .     GDR:     32% h - +2 whip "Mutzop" {drain, rElec MR+ Str+2 Int-3}
rCold    + + +     SeeInvis .   O - +2 buckler
rNeg     + + +     Gourm    .   E - +7 pearl dragon scales "Huczudud" {*Drain rPois rF+ rC+ rN+}
rPois    ∞         Faith    .   F - +0 helmet {Int+3}
rElec    +         Spirit   +   p - scarf {rC+ rF+}
rCorr    +         Reflect  .   D - +2 pair of gloves {archery}
MR       ++++.                  u - +0 pair of boots
Stlth    ..........             K - amulet of magic regeneration
HPRegen  0.26/turn              w - ring of resist corrosion
MPRegen  0.55/turn              A - ring of protection from magic

@: confused, very slightly contaminated, studying 2 skills
A: no food or potions, cold resistance 1, deterioration 1, negative energy
resistance 3, powered by death 1, torment resistance, unbreathing, magic shield,
sturdy frame 2, spell healing
a: Potion Petition, Call Merchant, Bribe Branch, Renounce Religion


You were on level 1 of the Spider Nest.
You worshipped Gozag.
Gozag was greatly pleased with you.
You were not hungry.

You visited 4 branches of the dungeon, and saw 20 of its levels.
You also visited: Bailey, Gauntlet and Ice Cave.

You collected 10016 gold pieces.
You spent 3137 gold pieces at shops.
You paid 51 gold pieces to Gozag.

Inventory:

Hand Weapons
 h - the +2 whip "Mutzop" (weapon) {drain, rElec MR+ Str+2 Int-3}
   (You found it on level 6 of the Lair of Beasts)

   A truly terrible weapon, it drains the life of those it strikes.
   It affects your strength (+2).
   It affects your intelligence (-3).
   It insulates you from electricity.
   It affects your resistance to hostile enchantments.
 J - the +8 lance "Wyrmbane" {slay drac, rPois rF+ rC+ AC+3}
   (You found it on level 12 of the Dungeon)

   It affects your AC (+3).
   It protects you from fire.
   It protects you from cold.
   It protects you from poison.
Missiles
 L - a throwing net {=f}
Armour
 p - a scarf of resistance (worn)
 u - a +0 pair of boots (worn)
 D - a +2 pair of gloves of archery (worn)
 E - the +7 pearl dragon scales "Huczudud" (worn) {*Drain rPois rF+ rC+ rN+}
   (You bought it in a shop on level 8 of the Dungeon)

   It protects you from fire.
   It protects you from cold.
   It protects you from poison.
   It protects you from negative energy.
   It causes draining when unequipped.
 F - a +0 helmet of intelligence (worn)
 O - a +2 buckler (worn)
Magical Staves
 z - an uncursed staff of summoning
Jewellery
 l - an uncursed ring of wizardry
 r - an uncursed amulet of the acrobat
 s - the ring "Zaruf" {+Inv +Fly Str+3 Int+4}
   (You found it in a Gauntlet)

   [ring of flight]

   It affects your strength (+3).
   It affects your intelligence (+4).
   It lets you turn invisible.
   It lets you fly.
 w - a ring of resist corrosion (left hand)
 y - an uncursed ring of protection from fire
 A - a ring of protection from magic (right hand)
 K - an amulet of magic regeneration (around neck)
Wands
 d - a wand of iceblast (33)
 k - a wand of disintegration (11)
 m - a wand of charming (9)
 n - a wand of polymorph (12)
 v - a wand of paralysis (16)
 x - a wand of digging (6)
 C - a wand of clouds (3)
 H - a wand of flame (24)
Scrolls
 a - 3 scrolls of fear
 b - 2 scrolls of immolation
 c - 2 scrolls of summoning
 e - 6 scrolls of remove curse
 g - 9 scrolls of enchant weapon
 i - 6 scrolls of identify
 j - 2 scrolls of fog
 o - 5 scrolls of enchant armour
 q - 2 scrolls of amnesia
 t - a scroll of silence
 I - 6 scrolls of teleportation
Miscellaneous
 f - a box of beasts
 B - a sack of spiders
 G - a lamp of fire
 M - a phantom mirror


   Skills:
 + Level 14.6 Fighting
 + Level 12.2 Armour
 - Level 8.0 Dodging
 - Level 3.0 Stealth
 - Level 8.0 Shields
 - Level 14.0 Spellcasting
 - Level 16.0 Summonings
 + Level 4.1 Translocations
 - Level 5.0 Ice Magic
 - Level 5.0 Air Magic
 - Level 8.0 Evocations


You had 22 spell levels left.
You knew the following spells:

 Your Spells              Type           Power        Failure   Level  Hunger
a - Summon Small Mammal   Summ           ####         1%          1    N/A
b - Call Imp              Summ           #####.       1%          2    N/A
c - Call Canine Familiar  Summ           #####...     1%          3    N/A
d - Summon Ice Beast      Ice/Summ       ####....     2%          4    N/A
e - Summon Lightning Spi  Summ/Air       ####....     8%          5    N/A
f - Summon Forest         Summ/Tloc      ####......   9%          5    N/A

Your spell library contained the following spells:

 Spells                   Type           Power        Failure   Level  Hunger
 Summon Butterflies       Summ           #####...     1%          1    N/A
 Freeze                   Ice            ###...       2%          1    N/A
 Apportation              Tloc           ###...       3%          1    N/A
 Blink Other              Tloc           ###...       3%          1    N/A
 Throw Frost              Conj/Ice       ##....       4%          2    N/A
 Corona                   Hex            #......      21%         1    N/A
 Infusion                 Chrm           #.......     21%         1    N/A
 Magic Dart               Conj           #...         21%         1    N/A
 Sandblast                Erth           #.....       21%         1    N/A
 Slow                     Hex            #.......     21%         1    N/A
 Ozocubu's Armour         Chrm/Ice       ##......     22%         3    N/A
 Passwall                 Tmut/Erth      #.......     30%         2    N/A
 Searing Ray              Conj           #.......     30%         2    N/A
 Song of Slaying          Chrm           #.......     30%         2    N/A
 Sticks to Snakes         Tmut           #.......     30%         2    N/A
 Iskenderun's Mystic Bla  Conj           #.......     52%         3    N/A
 Throw Icicle             Conj/Ice       ##......     58%         4    N/A
 Fulminant Prism          Conj/Hex       #.........   90%         4    N/A
 Petrify                  Tmut/Erth      #.........   90%         4    N/A
 Bolt of Draining         Conj/Necr      #.........   99%         5    N/A
 Irradiate                Conj/Tmut      #.........   99%         5    N/A
 Lee's Rapid Deconstruct  Erth           #.........   99%         5    N/A
 Piercing Shot            Chrm           #.........   99%         5    N/A
 Bolt of Cold             Conj/Ice       ##........   100%        6    N/A
 Conjure Ball Lightning   Conj/Air       ##........   100%        6    N/A
 Iron Shot                Conj/Erth      #.........   100%        6    N/A
 Poison Arrow             Conj/Pois      #.........   100%        6    N/A
 Virulence                Hex/Pois       #.......     100%        6    N/A
 Controlled Blink         Tloc           ###.....     100%        7    N/A
 Orb of Destruction       Conj           #.........   100%        7    N/A
 Spellforged Servitor     Conj/Summ      ####......   100%        7    N/A
 Beastly Appendage        Tmut           Unusable     N/A         1    N/A
 Spider Form              Tmut/Pois      Unusable     N/A         3    N/A
 Ice Form                 Ice/Tmut       Unusable     N/A         4    N/A
 Blade Hands              Tmut           Unusable     N/A         5    N/A
 Statue Form              Tmut/Erth      Unusable     N/A         6    N/A

Dungeon Overview and Level Annotations

Branches:
Dungeon (12/12)            Temple (0/1) D:5            Lair (6/6) D:7
  Swamp (0/3) Lair:3       Spider (1/3) Lair:3        Slime (0/5) Orc
    Orc (1/1) D:8          Vaults (0/3) D:12         Forest (0/3) Lair:5
 Depths (0/5) D:12

Altars:
Cheibriados
Dithmenos
Gozag
Hepliaklqana
Lugonu
Nemelex Xobeh
Qazlal
Uskayaw
Yredelemnul
Jiyva

Shops:
D:8 [   D:11 }   D:12 (   Orc ?==%[

Annotations:
D:6 1 runed door
Lair:4 2 transporters, Burana's ghost, journeyman VSAc
Spider:1 exclusion: orange crystal statue


Innate Abilities, Weirdness & Mutations

You do not eat or drink.
You are immune to poison.
Your flesh is cold resistant. (rC+)
Your body sometimes deteriorates upon taking damage.
You are immune to negative energy. (rN+++)
You regenerate a little health from kills.
You are immune to unholy pain and torment.
You can survive without breathing.
When hurt, damage is shared between your health and your magic reserves.
Your movements are less encumbered by armour. (ER -4)
Casting spells heals you.


Message History

Your snaplasher vine hits the orange crystal statue but does no damage.
Your snaplasher vine constricts the orange crystal statue.
You miss the tarantella.
The tarantella is lightly wounded.
The tarantella bites you but does no damage.
The wolf spider completely misses you. The wolf spider barely misses you.
Your snaplasher vine grabs the tarantella.
Your snaplasher vine hits the tarantella.
Your snaplasher vine constricts the tarantella.
The tarantella bites you.
* * * LOW HITPOINT WARNING * * *
You are more confused.
Your snaplasher vine closely misses the tarantella. x2
Your dryad hits the wolf spider.
Your snaplasher vine hits the orange crystal statue.
Your snaplasher vine constricts the orange crystal statue.
The tarantella bites you but does no damage.
The wolf spider hits you!
You die...
Your body crumbles into a pile of gold.

##### ###...###
♣#...♣...##
##.#.♣w....## ####
##....*.ss...#
#...####.......@s...###
#................sR....#
#........#.^.....w.....#
...#..#.....#.....\...##
..^####...........♣*..^#
..................♣...##
..............#..#...##
..............♣w8...♣#
.....................#


You could see an orange crystal statue, a wolf spider, 3 tarantellas, a friendly
dryad and 3 friendly snaplasher vines.

Vanquished Creatures
  Frances (D:11)
  A hydra (D:10)
  2 ogre magi (D:12)
  3 two-headed ogres
  An orc high priest (Orc)
  A wolf spider (Spider:1)
  An orc knight (Orc)
  An ugly thing (D:12)
  An elephant (Lair:5)
  A cane toad (Lair:3)
  A rime drake (IceCv)
  A kobold demonologist (D:10)
  A komodo dragon (Lair:6)
  2 harpy skeletons
  A meliai zombie (D:11)
  3 yaks
  A shadow (D:12)
  3 hogs (D:12)
  A wraith (D:11)
  A fire elemental (Gauntlet)
  A golden eye (shapeshifter) (D:12)
  A human (D:12)
  A steam dragon (D:9)
  3 wargs (Orc)
  A swamp worm (Lair:5)
  A crocodile (Lair:1)
  2 water moccasins
  7 orc warriors
  2 black bears (D:9)
  2 sky beasts
  2 ice beasts
  A wolf (Lair:5)
  2 bullfrogs
  4 centaurs
  A scorpion (D:11)
  20 killer bees
  2 wights (D:9)
  An electric eel (Orc)
  6 orc priests
  2 crimson imps
  A quasit (D:9)
  2 hounds
  A jelly (Orc)
  4 iguanas
  A bullfrog skeleton (D:6)
  4 orc wizards
  3 worker ants
  A killer bee zombie (D:9)
  A hound zombie (D:4)
  A hound skeleton (D:8)
  A howler monkey zombie (D:4)
  An adder (D:6)
  2 oozes
  4 adder skeletons
  4 leopard geckos
  14 orcs
  3 bats
  3 goblins
  6 hobgoblins
  6 jackals
  5 kobolds
  2 quokkas
  2 frilled lizards
  A jackal zombie (D:4)
  A quokka skeleton (D:4)
  2 rats
166 creatures vanquished.

Vanquished Creatures (collateral kills)
  Jorgrun (Orc)
  Rupert (D:12)
  Roxanne (D:12)
  A minotaur (Gauntlet)
  An ettin (D:12)
  A fire dragon (Lair:6)
  Josephine (D:11)
  8 hydras
  Fannar (D:12)
  2 ice dragons (IceCv)
  An anaconda (Lair:6)
  11 two-headed ogres
  2 catoblepae
  3 ogre magi
  An alligator (Lair:5)
  A death yak (D:7)
  2 orc high priests (Orc)
  2 tengu warriors
  A centaur warrior (D:12)
  A hell knight (D:12)
  2 swamp dragons
  A cyclops (D:12)
  A lindwurm (Orc)
  2 deep elf magi
  2 wizards (Gauntlet)
  4 orc knights
  An orb spider (Spider:1)
  5 wolf spiders
  3 orc sorcerers (Orc)
  An ugly thing (D:12)
  9 black mambas
  A guardian serpent (Lair:6)
  3 elephants
  2 ice statues (IceCv)
  19 cane toads
  A yaktaur (shapeshifter) (D:12)
  7 komodo dragons
  8 rime drakes
  A jumping spider (Spider:1)
  A kobold demonologist (D:10)
  3 demonic crawlers (Spider:1)
  2 efreet
  Maurice (D:11)
  A queen bee (D:10)
  3 meliai (Spider:1)
  A polar bear (Lair:6)
  5 hornets
  A harpy skeleton (D:12)
  2 slime creatures
  6 hippogriffs
  10 blink frogs
  3 tarantellas (Spider:1)
  3 shadows (D:11)
  A fire elemental (Gauntlet)
  5 wraiths (D:11)
  Eustachio (D:6)
  31 yaks
  4 basilisks
  8 wyverns (Lair:6)
  A hungry ghost (D:12)
  3 steam dragons
  5 redbacks
  Menkaure (D:7)
  2 wargs (Orc)
  5 swamp worms (Lair:5)
  12 crocodiles
  Duvessa (D:7)
  3 acid dragons
  A hell hound (Gauntlet)
  A swamp drake (Lair:6)
  15 water moccasins
  11 porcupines
  14 ice beasts
  22 orc warriors
  A necrophage (D:7)
  20 wolves
  10 ogres
  3 phantoms
  10 bullfrogs
  5 kobold brigands
  2 centaurs
  A scorpion (D:11)
  Dowan (D:7)
  13 killer bees
  2 wights (D:9)
  2 electric eels
  5 howler monkeys
  10 orc priests
  2 crimson imps
  3 jellies
  A quasit (D:7)
  4 hounds
  An iguana (D:5)
  17 orc wizards
  10 worker ants
  A hound skeleton (D:5)
  2 worker ant zombies (D:4)
  8 adders
  2 shadow imps
  A white imp (Gauntlet)
  An ooze (Orc)
  An adder skeleton (D:4)
  A worm (D:2)
  2 dart slugs (D:1)
  2 leopard geckos (D:2)
  41 orcs
  3 goblins (D:1)
  9 hobgoblins
  11 jackals
  23 kobolds
  3 quokkas
  A ball python (D:1)
  A bat (D:2)
  2 frilled lizards
  A quokka zombie (D:4)
  2 fungi (Lair:2)
  5 plants (Lair:6)
551 creatures vanquished.

Vanquished Creatures (others)
  A white imp (Gauntlet)
  An orc (Bailey)
  9 fungi
  23 plants
  3 snaplasher vines
37 creatures vanquished.

Grand Total: 754 creatures vanquished

Notes
Turn   | Place    | Note
-------+----------+-------------------------------------------
     0 | D:1      | Finalfun the Skeleton Summoner began the quest for the Orb.
     0 | D:1      | Reached XP level 1. HP: 10/10 MP: 4/4
    70 | D:1      | Reached skill level 1 in Fighting
   408 | D:1      | Reached XP level 2. HP: 17/17 MP: 6/6
   411 | D:1      | Learned a level 2 spell: Call Imp
  1147 | D:2      | Reached XP level 3. HP: 22/22 MP: 0/7
  1698 | D:2      | Found an opulent altar of Gozag.
  1749 | D:2      | Reached skill level 5 in Summonings
  1753 | D:2      | Reached XP level 4. HP: 20/28 MP: 1/8
  1760 | D:2      | Became a worshipper of Gozag Ym Sagoz the Greedy
  2155 | D:3      | Learned a level 3 spell: Call Canine Familiar
  2593 | D:3      | Reached skill level 6 in Summonings
  2593 | D:3      | Reached XP level 5. HP: 23/32 MP: 2/10
  2788 | D:3      | Reached skill level 5 in Spellcasting
  3057 | D:4      | Gained mutation: You regenerate a little health from kills.
                  | [Skeleton growth]
  3057 | D:4      | Reached XP level 6. HP: 35/37 MP: 4/14
  3081 | D:4      | Reached skill level 1 in Evocations
  3315 | D:4      | Found a shadowy altar of Dithmenos.
  3495 | D:4      | Reached XP level 7. HP: 35/41 MP: 13/16
  3500 | D:4      | Learned a level 4 spell: Summon Ice Beast
  3905 | D:5      | Entered Level 5 of the Dungeon
  3958 | D:5      | Reached skill level 5 in Fighting
  4209 | D:5      | Found a staircase to the Ecumenical Temple.
  4253 | D:5      | Found a corrupted altar of Lugonu.
  4366 | D:5      | Found a sparkling altar of Nemelex Xobeh.
  4367 | D:5      | Found a glowing silver altar of Zin.
  4672 | D:6      | Noticed Eustachio
  4751 | D:6      | Reached skill level 1 in Ice Magic
  4751 | D:6      | Reached XP level 8. HP: 30/51 MP: 7/17
  5206 | D:6      | Reached skill level 5 in Ice Magic
  5361 | D:6      | Killed Eustachio
  5362 | D:6      | Reached skill level 7 in Summonings
  5598 | D:6      | Found a hide-covered altar of Uskayaw.
  5664 | D:6      | Found a runed door.
  5763 | D:6      | Noticed a hippogriff
  5782 | D:6      | Killed a hippogriff
  5783 | D:6      | Reached skill level 8 in Summonings
  5959 | D:7      | Noticed Menkaure
  5968 | D:7      | Killed Menkaure
  5969 | D:7      | Reached skill level 9 in Summonings
  5969 | D:7      | Reached XP level 9. HP: 55/55 MP: 3/18
  6146 | D:7      | Found a hazy altar of Hepliaklqana.
  6375 | D:7      | Found a staircase to the Lair.
  6375 | D:7      | Noticed a death yak
  6375 | D:7      | Noticed an elephant
  6581 | D:7      | Reached skill level 1 in Shields
  6587 | D:7      | Killed an elephant
  6777 | D:7      | Noticed Dowan
  6796 | D:7      | Killed Dowan
  6919 | D:7      | Noticed Duvessa
  6943 | D:7      | Killed Duvessa
  7007 | D:7      | Killed a death yak
  7008 | D:7      | Reached skill level 10 in Spellcasting
  7132 | D:7      | Gained mutation: Your movements are less encumbered by
                  | armour. (ER -4) [Skeleton growth]
  7132 | D:7      | Reached XP level 10. HP: 47/60 MP: 5/24
  7389 | Lair:1   | Entered Level 1 of the Lair of Beasts
  7389 | Lair:1   | Noticed a cane toad
  7400 | Lair:1   | Killed a cane toad
  7416 | Lair:1   | Learned a level 5 spell: Summon Lightning Spire
  7473 | Lair:1   | Noticed a cane toad
  7489 | Lair:1   | Killed a cane toad
  7490 | Lair:1   | Reached skill level 1 in Air Magic
  7743 | Lair:1   | Noticed a cane toad
  7751 | Lair:1   | Killed a cane toad
  8522 | Lair:2   | Reached skill level 5 in Air Magic
  8867 | Lair:2   | Reached skill level 10 in Summonings
  8942 | Lair:2   | Noticed a black mamba
  8951 | Lair:2   | Killed a black mamba
  9062 | Lair:2   | Reached XP level 11. HP: 64/64 MP: 13/25
  9183 | Lair:2   | Reached skill level 11 in Summonings
  9559 | Lair:2   | Reached skill level 12 in Summonings
 10305 | Lair:3   | Noticed a catoblepas
 10308 | Lair:3   | Noticed a six-headed hydra
 10395 | Lair:3   | Killed a six-headed hydra
 10412 | Lair:3   | Killed a catoblepas
 10413 | Lair:3   | Reached skill level 13 in Summonings
 10625 | Lair:3   | Reached skill level 14 in Summonings
 10843 | Lair:3   | Found a hole to the Spider Nest.
 10843 | Lair:3   | Noticed a wolf spider
 10849 | Lair:3   | Killed a wolf spider
 10989 | Lair:3   | Reached XP level 12. HP: 70/70 MP: 7/26
 11048 | Lair:3   | Found a staircase to the Swamp.
 11866 | Lair:4   | Reached skill level 15 in Summonings
 12438 | Lair:4   | Found a transporter.
 12440 | Lair:4   | Noticed Burana's ghost (journeyman VSAc)
 12440 | Lair:4   | Noticed a death yak
 12441 | Lair:4   | Noticed an eight-headed hydra
 12442 | Lair:4   | Noticed a six-headed hydra
 12442 | Lair:4   | Noticed a death yak
 12784 | Lair:4   | Found a transporter.
 12940 | Lair:4   | Identified the Handbook of Mutagenic Poison
 13089 | Lair:5   | Noticed a six-headed hydra
 13098 | Lair:5   | Killed a six-headed hydra
 13157 | Lair:5   | Reached skill level 16 in Summonings
 13197 | Lair:5   | Reached skill level 1 in Armour
 13382 | Lair:5   | Reached skill level 5 in Armour
 13460 | Lair:5   | Found a staircase to the Spriggan Forest.
 13885 | Lair:5   | Noticed a four-headed hydra
 13892 | Lair:5   | Killed a four-headed hydra
 14284 | Lair:5   | Noticed an alligator
 14299 | Lair:5   | Killed an alligator
 14300 | Lair:5   | Reached XP level 13. HP: 24/74 MP: 3/27
 14641 | Lair:6   | Entered Level 6 of the Lair of Beasts
 14726 | Lair:6   | Reached skill level 5 in Dodging
 15922 | Lair:6   | Noticed a fire dragon
 16812 | Lair:6   | Got a fine whip
 16987 | Lair:6   | Killed a fire dragon
 16988 | Lair:6   | Reached skill level 10 in Fighting
 17052 | Lair:6   | Identified the cursed +2 whip "Mutzop" {drain, rElec MR+
                  | Str+2 Int-3} (You found it on level 6 of the Lair of
                  | Beasts)
 17251 | Lair:6   | Reached XP level 14. HP: 35/88 MP: 2/28
 17548 | D:8      | Found a staircase to the Orcish Mines.
 17570 | D:8      | Found Guqeho Uze's Armour Boutique.
 17628 | D:8      | Bought the +7 pearl dragon scales "Huczudud" {*Drain rPois
                  | rF+ rC+ rN+} for 1752 gold pieces
 18280 | D:8      | Found a snail-covered altar of Cheibriados.
 18360 | D:8      | Found a basalt altar of Yredelemnul.
 18620 | D:8      | Found a glowing golden altar of the Shining One.
 18994 | D:9      | Found a stormy altar of Qazlal.
 20324 | D:10     | Entered Level 10 of the Dungeon
 21581 | D:11     | Noticed Frances
 21628 | D:11     | Found Maifim's Gadget Shoppe.
 21639 | D:11     | Found a gate leading to a gauntlet.
 21643 | Gauntlet | Entered a Gauntlet
 21643 | Gauntlet | Found a transporter.
 21643 | Gauntlet | Found a transporter.
 21756 | Gauntlet | Found a transporter.
 21756 | Gauntlet | Found a transporter.
 21772 | Gauntlet | Found a transporter.
 21793 | Gauntlet | Found a transporter.
 21793 | Gauntlet | Found a transporter.
 21810 | Gauntlet | Found a transporter.
 21830 | Gauntlet | Found a transporter.
 21834 | Gauntlet | Found a transporter.
 22225 | Gauntlet | Got a clouded lead ring
 22231 | Gauntlet | Identified the ring "Zaruf" {+Inv +Fly Str+3 Int+4} (You
                  | found it in a Gauntlet)
 22355 | Gauntlet | Identified the Guide on the Traveller and Talismans
 22357 | Gauntlet | Identified a scroll of acquirement
 22358 | Gauntlet | Identified the amulet of Suicidal Tendencies {RegenMP +Inv
                  | Dex+2} (You acquired it in a Gauntlet)
 22358 | Gauntlet | Identified Ithybb's Collected Works on Battle Magic (You
                  | acquired it in a Gauntlet)
 22640 | D:11     | Bought a box of beasts for 340 gold pieces
 22640 | D:11     | Bought a lamp of fire for 680 gold pieces
 22675 | D:11     | Killed Frances
 22961 | D:11     | Noticed Maurice
 23036 | D:11     | Killed Maurice
 23262 | D:11     | Noticed Josephine
 23281 | D:11     | Killed Josephine
 23402 | D:11     | Reached skill level 5 in Evocations
 23850 | D:12     | Entered Level 12 of the Dungeon
 24057 | D:12     | Found the +8 lance "Wyrmbane" {slay drac, rPois rF+ rC+
                  | AC+3}
 24058 | D:12     | Found a flagged portal.
 24084 | Bailey   | Entered a bailey
 24680 | D:12     | Found a staircase to the Depths.
 24997 | D:12     | Reached XP level 15. HP: 97/97 MP: 25/33
 25068 | D:12     | Found a gate to the Vaults.
 25176 | D:12     | Found Ihinwipt's Weapon Shop.
 25208 | D:12     | Noticed Rupert
 25218 | D:12     | Killed Rupert
 25249 | D:12     | Learned a level 5 spell: Summon Forest
 25337 | D:12     | Got a scorched marble ring
 25539 | D:12     | Reached skill level 1 in Translocations
 25608 | D:12     | Noticed Roxanne
 25721 | D:12     | Killed Roxanne
 25722 | D:12     | Reached skill level 10 in Armour
 25781 | D:12     | Identified Roxanne's Incunabulum of Stones (You took it off
                  | Roxanne on level 12 of the Dungeon)
 25893 | D:12     | Identified the ring of the Furies {Ice Stlth+}
 25893 | D:12     | Noticed Fannar
 25923 | D:12     | Killed Fannar
 25941 | D:12     | Identified the ring of Weirphut {rF- rC+ AC+5 Int+9 Dex-5}
                  | (You found it on level 12 of the Dungeon)
 26566 | Orc      | Entered the Orcish Mines
 26588 | Orc      | Found a frozen archway.
 26589 | Orc      | Noticed Jorgrun
 26609 | IceCv    | Entered an ice cave
 27486 | Orc      | Killed Jorgrun
 27747 | Orc      | Found Ticielur's Antique Armour Emporium.
 27884 | Orc      | Found a runed door.
 27885 | Orc      | Found a viscous altar of Jiyva.
 27885 | Orc      | Found a staircase to the Slime Pits.
 28984 | Orc      | Found Wetim's Magic Scroll Shoppe.
 28984 | Orc      | Found Voluntekh's Food Boutique.
 29129 | Orc      | Found Nebistruh's Jewellery Shoppe.
 29129 | Orc      | Found Redacs's Jewellery Boutique.
 29135 | Orc      | Bought a scroll of teleportation for 51 gold pieces
 29135 | Orc      | Bought a scroll of fear for 85 gold pieces
 29135 | Orc      | Bought a scroll of teleportation for 51 gold pieces
 29135 | Orc      | Bought a scroll of silence for 127 gold pieces
 29135 | Orc      | Bought a scroll of teleportation for 51 gold pieces
 29305 | Spider:1 | Entered Level 1 of the Spider Nest
 30051 | Spider:1 | Slain by a wolf spider

Skill      XL: |  1  2  3  4  5  6  7  8  9 10 11 12 13 14 15 |
---------------+----------------------------------------------+-----
Fighting       | 1 2 3 6 10 12 14 | 14.6
Summonings     | 5 6 9 10 14 16 | 16.0
Spellcasting   | 5 6 10 14 | 14.0
Stealth        | 3 |  3.0
Evocations     | 3 6 8 |  8.0
Ice Magic      | 1 5 |  5.0
Shields        | 6 8 |  8.0
Air Magic      | 5 |  5.0
Armour         | 8 12 | 12.2
Dodging        | 3 8 |  8.0
Translocations | 4 |  4.1

Action                   |  1- 3 |  4- 6 |  7- 9 | 10-12 | 13-15 || total
-------------------------+-------+-------+-------+-------+-------++-------
Melee: Club              |   108 |    37 |       |       |       ||   145
       Unarmed           |     4 |       |       |       |       ||     4
       Dagger            |       |   166 |   183 |    50 |       ||   399
       Staff             |       |       |       |    53 |    74 ||   127
       Whip              |       |       |       |       |  1072 ||  1072
 Cast: Summon Small Mamm |    25 |    10 |    30 |    27 |     6 ||    98
       Call Imp          |    18 |    18 |    45 |    44 |    27 ||   152
       Call Canine Famil |       |     7 |    23 |    10 |    25 ||    65
       Summon Ice Beast  |       |       |    26 |   143 |   251 ||   420
       Summon Lightning  |       |       |       |    39 |   108 ||   147
       Summon Forest     |       |       |       |       |    37 ||    37
Evoke: Wand              |       |       |       |       |    12 ||    12
       Lamp of fire      |       |       |       |       |     1 ||     1
       Sack of spiders   |       |       |       |       |     1 ||     1
  Use: Scroll            |       |     6 |     1 |     1 |    18 ||    26
 Stab: Sleeping          |     2 |     2 |     5 |       |     1 ||    10
       Distracted        |       |     1 |       |     1 |     9 ||    11
       Confused          |       |       |       |       |     1 ||     1
Armor: Robe              |    35 |    10 |       |       |       ||    45
       Ring mail         |       |    46 |    65 |    54 |    45 ||   210
       Pearl dragon scal |       |       |       |       |  1122 ||  1122
Dodge: Dodged            |   112 |   147 |   125 |   127 |  1399 ||  1910
Block: Buckler           |       |       |     3 |    50 |   715 ||   768
